 Dungeon Sprint DCSS version 0.24-a0-280-g7cec4da (webtiles) character file.

Game seed: 12853957558293231636

1983 JimmahDean the Basher (level 9, -1/91 HPs)
             Began as a Minotaur Fighter on May 9, 2019.
             Slain by a flying skull (4 damage)
             ... in the Dungeon (Sprint II: "The Violet Keep of Menkaure").
             The game lasted 00:02:51 (600 turns).

JimmahDean the Basher (Minotaur Fighter)             Turns: 600, Time: 00:02:52

Health: -1/91      AC:  9    Str: 29    XL:     9   Next: 1%
Magic:  8/8        EV:  9    Int:  5    God:
Gold:   486        SH: 13    Dex: 10    Spells: 8/8 levels left

rFire    . . .     SeeInvis .   a - +0 flail
rCold    . . .     Gourm    .   c - +0 shield
rNeg     . . .     Faith    .   b - +0 scale mail
rPois    .         Spirit   .   (helmet restricted)
rElec    .         Reflect  .   (no cloak)
rCorr    .         Harm     .   (no gloves)
MR       .....     NoTele   +   (no boots)
Stlth    ..........             (no amulet)
HPRegen  0.25/turn              (no ring)
MPRegen  0.11/turn              (no ring)

@: mighty
A: retaliatory headbutt, horns 2
a: no special abilities


You were in the Dungeon.
You were not hungry.

You visited 1 branch You collected 486 gold pieces.

Inventory:

Hand Weapons
 a - a +0 flail (weapon)
Armour
 b - a +0 scale mail (worn)
 c - a +0 shield (worn)
Scrolls
 k - a scroll of blinking
Potions
 e - a potion of curing {@q1}
 h - a potion of haste {@q3}
 i - 2 potions of magic
 j - a potion of berserk rage
Comestibles
 f - a ration {@e1}
 l - 2 chunks of flesh


   Skills:
 - Level 12.4 Fighting
 - Level 14.1 Maces & Flails
 + Level 11.2 Armour
 + Level 11.2 Shields


You had 8 spell levels left.
You didn't know any spells.
Your spell library was empty.

Dungeon Overview and Level Annotations

Branches:
Dungeon (1/1)

Altars:


Innate Abilities, Weirdness & Mutations

You reflexively headbutt those who attack you in melee.
You have a pair of horns on your head.


Message History

You miss the flying skull. Your headbutt misses the flying skull.
You block the flying skull's attack.
You hit the flying skull but do no damage.
You headbutt the flying skull.
You destroy the flying skull!
Your Armour skill increases to level 11!
Your Shields skill increases to level 11!
You have reached level 9!
Your experience leads to an increase in your attributes!
Increase (S)trength, (I)ntelligence, or (D)exterity?
You feel stronger.
MP restored: 8 You feel very mighty all of a sudden.
The flying skull hits you but does no damage.
The flying skull hits you.
* * * LOW HITPOINT WARNING * * *
You take 3 damage, and have 2/91 hp.
You hit the flying skull. Your headbutt misses the flying skull.
The flying skull hits you.
You die...

##. .## #..#..#
## #.).# ## #.#
#'###.##
#.##.##...#
#'.<.'.##+
#...##.##...# .
##.###'###.##..
####.#@####≈≈§
#.###z# ≈≈§≈
##.#.##≈≈≈≈≈
#≈≈##z##≈≈≈§≈≈
#≈≈≈z≈z≈≈≈≈≈≈
#+++#§z'#≈≈§≈
°°zz≈≈# ≈
°≈z°°○○○≈#
+°≈≈○○§○°.≈.+


You could see a flying skull.

Vanquished Creatures
  A merfolk siren (D)
  2 hippogriffs (D)
  6 flying skulls (D)
  4 necrophages (D)
  3 worms (D)
16 creatures vanquished.

Vanquished Creatures (others)
  Menkaure (D)
  A crocodile (D)
2 creatures vanquished.

Grand Total: 18 creatures vanquished

Notes
Turn   | Place    | Note
-------+----------+-------------------------------------------
     0 | D        | JimmahDean the Minotaur Fighter began the quest for the
                  | Orb.
     0 | D        | Reached XP level 1. HP: 19/19 MP: 0/0
     1 | D        | Noticed a necrophage
     1 | D        | Noticed a necrophage
     1 | D        | Noticed a necrophage
     1 | D        | Noticed a necrophage
     9 | D        | Killed Menkaure
    20 | D        | Killed a necrophage
    20 | D        | Reached skill level 10 in Maces & Flails
    20 | D        | Reached XP level 2. HP: 3/25 MP: 1/1
    20 | D        | Reached XP level 3. HP: 4/30 MP: 2/2
    20 | D        | Reached XP level 4. HP: 5/38 MP: 3/3
    27 | D        | Killed a necrophage
    27 | D        | Reached skill level 12 in Maces & Flails
    27 | D        | Reached XP level 5. HP: 3/44 MP: 4/4
    30 | D        | Killed a necrophage
    30 | D        | Reached skill level 14 in Maces & Flails
    33 | D        | Killed a necrophage
    33 | D        | Reached XP level 6. HP: 4/60 MP: 5/5
   432 | D        | Noticed a merfolk siren
   440 | D        | Killed a merfolk siren
   440 | D        | Reached XP level 7. HP: 77/77 MP: 6/6
   457 | D        | Noticed a hippogriff
   457 | D        | Noticed a hippogriff
   466 | D        | Killed a hippogriff
   470 | D        | Killed a hippogriff
   470 | D        | Reached XP level 8. HP: 71/84 MP: 7/7
   527 | D        | Noticed a flying skull
   527 | D        | Noticed a flying skull
   527 | D        | Noticed a flying skull
   527 | D        | Noticed a flying skull
   527 | D        | Noticed a flying skull
   528 | D        | Noticed a flying skull
   528 | D        | Noticed a flying skull
   528 | D        | Noticed a flying skull
   528 | D        | Noticed a flying skull
   528 | D        | Noticed a flying skull
   529 | D        | Noticed a flying skull
   530 | D        | Noticed a flying skull
   542 | D        | Killed a flying skull
   546 | D        | Killed a flying skull
   556 | D        | Killed a flying skull
   575 | D        | Killed a flying skull
   575 | D        | Reached skill level 10 in Armour
   575 | D        | Reached skill level 10 in Shields
   592 | D        | Killed a flying skull
   596 | D        | HP: 4/85 [flying skull (9)]
   598 | D        | Killed a flying skull
   598 | D        | Reached XP level 9. HP: 5/91 MP: 8/8
   600 | D        | Slain by a flying skull

Levels and vault maps discovered:
D:        the_violet_keep_of_menkaure [sprint2_stairs_cluster_1,
          sprint2_shoproom, sprint2_temple, sprint2_basic_supplies,
          sprint2_obstacle_1, sprint2_obstacle_3, sprint2_obstacle_6,
          sprint2_obstacle_5, sprint2_obstacle_2, sprint2_timed_cluster_1,
          sprint2_smallroom_cluster_1, sprint2_smallroom_final_cluster_1,
          sprint2_transparent_cluster_1, sprint2_second_timed_cluster_1,
          sprint2_sniper_area_1, sprint2_heavy_combat_area_1,
          sprint2_mutation_trap_area_1, sprint2_forest_area_1,
          sprint2_light_combat_area_1, sprint2_behind_water_1,
          sprint2_near_end_vault_1]

Skill      XL: |  1  2  3  4  5  6  7  8 |
---------------+-------------------------+-----
Maces & Flails | 10 12 14 | 14.1
Fighting       | 7 12 | 12.4
Armour         | 7 11 | 11.2
Shields        | 7 11 | 11.2

Action                   |  1- 3 |  4- 6 |  7- 9 || total
-------------------------+-------+-------+-------++-------
Melee: Flail             |    17 |    19 |    81 ||   117
       Headbutt          |     1 |     3 |    11 ||    15
  Use: Potion            |       |       |     2 ||     2
Armor: Scale mail        |     7 |     2 |    17 ||    26
Dodge: Dodged            |     6 |       |    13 ||    19
Block: Shield            |    13 |     6 |    38 ||    57

Table legend:
 A = Non-vault XP
 B = Vault XP
 C = Vault XP percentage of total XP
 D = Non-vault monster count
 E = Vault monster count
 F = Vault count percentage of total count
                 A         B        C        D         E       F
            +---------+---------+-------+---------+---------+-------
      Total |       0 |    2834 | 100.0 |       0 |      16 | 100.0
            +---------+---------+-------+---------+---------+-------
          D |       0 |    2834 | 100.0 |       0 |      16 | 100.0
            +---------+---------+-------+---------+---------+-------
